 Dungeon Crawl Stone Soup version 0.28.0-53-g5a82cb258f (webtiles) character file.

Game seed: 178277016826633619

63 buhh the Insei (level 4, -7/30 HPs)
             Began as an Octopode Transmuter on June 16, 2022.
             Killed by divine providence
             ... invoked by a smoke demon
              (11 damage)
             ... on level 2 of the Abyss.
             The game lasted 00:03:40 (2723 turns).

buhh the Insei (Octopode Transmuter)                Turns: 2723, Time: 00:03:40

Health: -7/30      AC:  1    Str:  9    XL:     4   Next: 9%
Magic:  7/7        EV: 13    Int: 17    God:
Gold:   46         SH:  0    Dex: 12    Spells: 4/7 levels left

rFire   . . .      SeeInvis .     - Unarmed
rCold   . . .      Faith    .   (no shield)
rNeg    . . .      Spirit   .   (helmet restricted)
rPois   .          Reflect  .   (no amulet)
rElec   .          Harm     .   (no ring)
rCorr   .          Rampage  .   (no ring)
Will    .....                   (no ring)
Stlth   +++.......              (no ring)
HPRegen 0.10/turn               (no ring)
MPRegen 0.10/turn               (no ring)
                                (no ring)
                                (no ring)

@: no status effects
A: almost no armour, amphibious, 8 rings, camouflage 1, gelatinous body 1,
(nimble swimmer 1), tentacles
a: no special abilities


You were on level 2 of the Abyss.
You visited 1 branch of the dungeon, and saw 2 of its levels.
You visited the Abyss 1 time.

You collected 46 gold pieces.

Inventory:

Missiles
 d - a throwing net {!f}
 i - 3 poisoned darts
Scrolls
 a - a scroll of immolation {unknown}
 c - a scroll of magic mapping {unknown}
 f - a scroll of enchant armour {unknown}
 g - 2 scrolls of fear {unknown}
 h - a scroll of brand weapon {unknown}
 j - a scroll of acquirement {unknown}
 k - a scroll of identify {unknown}
 l - a scroll of vulnerability {unknown}
Potions
 b - a potion of curing {unknown}
 e - 2 potions of brilliance {unknown}


   Skills:
 * Level 2.6 Fighting
 - Level 2.0 Dodging
 - Level 1.0 Stealth
 * Level 3.9 Unarmed Combat
 - Level 2.0 Spellcasting
 - Level 2.0 Transmutations


You had 4 spell levels left.
You knew the following spells:

 Your Spells              Type           Power      Damage    Failure   Level
a - Beastly Appendage     Tmut           16%        N/A       9%          1
b - Wereblood             Tmut           8%         N/A       13%         2

Your spell library contained the following spells:

 Spells                   Type           Power      Damage    Failure   Level
 Spider Form              Tmut/Pois      5%         N/A       36%         3
 Ice Form                 Ice/Tmut       5%         N/A       77%         4


Dungeon Overview and Level Annotations

Branches:
Dungeon (2/15)

Altars:

Shops:
D:1 !

Annotations:
D:2 Robin


Innate Abilities, Weirdness & Mutations

You cannot wear most types of armour.
You are amphibious.
You can wear up to eight rings at the same time.
Your skin changes colour to match your surroundings (Stealth+).
Your rubbery body absorbs attacks. (AC +1, EV +1)
((You are camouflaged when in or above water. (Stealth+)))
You have tentacles for arms and can constrict up to eight enemies at once.


Message History

You kill the hobgoblin!
Robin roars a battlecry!
The goblin goes into a battle-frenzy!
You hear a shout! x2
You closely miss the goblin. You grab the goblin.
Your tentacle spike misses the goblin.
You squeeze the goblin.
You feel a bit better.
You kill the goblin!
You completely miss the goblin. You grab the goblin. You constrict the goblin.
The goblin hits you with a +0 club.
You barely miss Robin. Your grab misses Robin. Your squeeze misses Robin.
You howl as the wereblood boils in your veins!
You constrict the goblin.
Robin hits you with a +2 dagger of distortion.
You lose your grip on the goblin.
You are cast into the Abyss!
To return, you must find a gate leading back.
Killing monsters will force the Abyss to allow you passage.
This branch contains the abyssal rune of Zot.
Your transformation is almost over.
Your primal bloodlust is almost over.
You howl as the wereblood boils in your veins!
Your tentacle spike disappears.
Your primal bloodlust has ended.
Magic restored.
HP restored.
Found a gateway leading deeper into the Abyss.
A large abomination comes into view.
Found a corrupted altar of Lugonu.
A smoke demon comes into view.
The smoke demon roars!
The smoke demon gestures at you. Something smites you!
Ouch! That really hurt!
The smoke demon gestures at you. Something smites you!
* * * LOW HITPOINT WARNING * * *
The smoke demon gestures at you. Something smites you!
You die...

.
#..##.......
. . ## .
..#..#3...
.. #.###
####.# .###.
..### #...#.
.# #.# #...#
###
#..####..#
#...#.###
#..#..#
#@#.# #####


You could see a smoke demon.

Vanquished Creatures
  An adder (D:2)
  A worm (D:2)
  4 bats
  2 endoplasms (D:1)
  3 giant cockroaches
  8 hobgoblins
  A quokka (D:1)
  11 ball pythons
  7 goblins (D:2)
  3 kobolds
  5 rats
46 creatures vanquished.

Vanquished Creatures (others)
  An endoplasm (D:1)
1 creature vanquished.

Grand Total: 47 creatures vanquished

Notes
Turn   | Place    | Note
-------+----------+-------------------------------------------
     0 | D:1      | buhh the Octopode Transmuter began the quest for the Orb.
     0 | D:1      | Reached XP level 1. HP: 13/13 MP: 3/3
   328 | D:1      | Found Dunopi Xodag's Distillery.
   334 | D:1      | Reached XP level 2. HP: 15/18 MP: 5/5
  1112 | D:1      | Reached XP level 3. HP: 21/24 MP: 4/6
  1588 | D:2      | Found a faded altar of an unknown god.
  2446 | D:2      | Noticed Robin
  2522 | D:2      | Learned a level 2 spell: Wereblood
  2569 | D:2      | Reached XP level 4. HP: 27/30 MP: 3/7
  2576 | D:2      | Cast into level 2 of the Abyss (Robin)
  2690 | Abyss:2  | Noticed a large abomination
  2701 | Abyss:2  | Found a corrupted altar of Lugonu.
  2707 | Abyss:2  | Noticed a smoke demon
  2723 | Abyss:2  | Killed from afar by a smoke demon

Illustrated notes

Levels and vault maps discovered:
D:1:      saegor_arrival_under_anarchy, layout_basic, serial_shops, shop,
          minivault_25, lemuel_flame_loot_1
D:2:      layout_basic, basic_ecumenical_altar, minmay_worlds_worst_comb,
          uniq_robin
Abyss:2:  base: Temple, evilmike_abyss_exit_14

Skill      XL: |  1  2 |
---------------+-------+-----
Stealth        | 1 |  1.0
Fighting       | 2 |  2.6
Dodging        | |  2.0
Unarmed Combat | |  3.9
Spellcasting   | |  2.0
Transmutations | |  2.0

Action                   |  1- 3 |  4- 6 || total
-------------------------+-------+-------++-------
Melee: Unarmed           |    87 |     8 ||    95
       Tentacles         |    19 |     3 ||    22
       Constrict         |    28 |     5 ||    33
       Kick              |    30 |     1 ||    31
 Cast: Beastly Appendage |    23 |       ||    23
       Wereblood         |     1 |       ||     1
  Use: Scroll            |     1 |       ||     1
 Stab: Sleeping          |     9 |       ||     9
       Distracted        |     1 |       ||     1
Armor: Skin              |     9 |       ||     9
Dodge: Dodged            |    44 |     2 ||    46
